 Dungeon Sprint DCSS version 0.16-a0-3781-g2316936 (console) character file.

112 Monkaria the Carver (level 4, -1/47 HPs)
             Began as a Hill Orc Fighter on Jan 25, 2015.
             Was an Initiate of Makhleb.
             Killed from afar by a gargoyle (16 damage)
             ... with a stone arrow
             ... in the Dungeon (Sprint IX: "|||||||||||||||||||||||||||||").
             The game lasted 00:01:26 (210 turns).

Monkaria the Carver (Hill Orc Fighter)               Turns: 210, Time: 00:01:26

Health: -1/47      AC: 10    Str: 22    XL:     4   Next: 95%
Magic:  4/4        EV:  8    Int: 11    God:    Makhleb [......]
Gold:   0          SH:  9    Dex: 13    Spells: 0 memorised, 3 levels left

rFire  . . .     SeeInvis .     v - +2 scimitar of the Sun {freeze, +Fly rElec rC+ MR- Int+3}
rCold  + . .     Clarity  .     s - +2 ring mail
rNeg   . . .     SustAb   .     c - +0 shield
rPois  .         Gourm    .     u - +0 helmet
rElec  +         Spirit   .     (no cloak)
rCorr  .         Warding  .     (no gloves)
rMut   .         NoTele   +     t - +0 pair of boots
MR     .....                    (no amulet)
Stlth  +.........               q - +3 ring of strength
                                r - +3 ring of dexterity

@: not resistant to hostile enchantments, very unstealthy
A: no striking features
a: Renounce Religion, Evoke Flight


You were in the Dungeon.
You worshipped Makhleb.
Makhleb was noncommittal.
You were not hungry.

You visited 1 branch

Inventory:

Hand weapons
 a - a +0 long sword
 v - the +2 scimitar of the Sun (weapon) {freeze, +Fly rElec rC+ MR- Int+3}
   (You found it in the Dungeon)

   It has been specially enchanted to freeze those struck by it, causing extra
   injury to most foes and up to half again as much damage against particularly
   susceptible opponents.
   It can also slow down cold-blooded creatures.
   It affects your intelligence (+3).
   It protects you from cold.
   It insulates you from electricity.
   It affects your resistance to hostile enchantments.
   It lets you fly.
Armour
 c - a +0 shield (worn)
 s - a +2 ring mail (worn)
 t - a +0 pair of boots (worn)
 u - a +0 helmet (worn)
Jewellery
 q - a +3 ring of strength (right hand)
 r - a +3 ring of dexterity (left hand)
Magical devices
 p - a wand of draining (7)
Scrolls
 k - 2 scrolls of blinking
 n - 3 scrolls of remove curse
 o - 2 scrolls of amnesia
Potions
 e - a potion of might
 g - a potion of invisibility
 h - a potion of haste
 i - 4 potions of magic
 j - a potion of berserk rage
 l - 2 potions of heal wounds
 m - 4 potions of curing
Comestibles
 d - a meat ration
 f - 3 chunks of flesh


   Skills:
 + Level 7.4 Fighting
 * Level 8.5 Long Blades
 - Level 3.2 Armour
 - Level 3.2 Shields


You had 3 spell levels left.
You didn't know any spells.

Dungeon Overview and Level Annotations

Branches:
Dungeon (1/1)

Altars:
Cheibriados
Dithmenos
Elyvilon
Fedhas
Gozag
Kikubaaqudgha
Makhleb
Nemelex Xobeh
Okawaru
Qazlal
Ru
Sif Muna
Trog
Vehumet
Xom
Yredelemnul
Zin
The Shining One
Beogh
Jiyva
Lugonu


Message History

The gargoyle is severely damaged.
You barely miss the gargoyle.
The gargoyle is severely damaged.
The gargoyle hits you with a mace!
The crimson imp shouts, "Get thee gone, thou froward bat-fowling bootlicker!"
You barely miss the gargoyle.
The gargoyle is severely damaged.
The gargoyle barely misses you.
Your shield prevents you from hitting the gargoyle.
The gargoyle is severely damaged.
You block the gargoyle's attack.
The crimson imp blinks!
You hit the gargoyle but do no damage.
The gargoyle is severely damaged.
The crimson imp blinks!
The gargoyle hits you with a mace!
* * * LOW HITPOINT WARNING * * *
You barely miss the gargoyle.
The gargoyle is severely damaged.
The gargoyle hurls a stone arrow at you.
The stone arrow hits you!
You die... ▓▓▓▓▓▓▓▓▓▓▓▓▓▓▓▓▓▓▓▓▓▓▓▓▓ +.55J5K9@....)|..'_______ ▓▓▓▓▓▓▓▓▓▓▓▓▓▓▓▓▓▓▓▓▓▓▓▓▓

You could see a gargoyle, a jelly, a quasit, 2 crimson imps and a kobold.

Vanquished Creatures
  A scorpion (D)
  A hound (D)
  A worker ant (D)
  A giant mite (D)
  A bat (D)
  A giant cockroach (D)
  2 hobgoblins (D)
  A kobold (D)
  A goblin (D)
10 creatures vanquished.

Notes
Turn   | Place    | Note
--------------------------------------------------------------
     0 | D        | Monkaria, the Hill Orc Fighter, began the quest for the Orb.
     0 | D        | Reached XP level 1. HP: 19/19 MP: 1/1
     9 | D        | Reached skill level 4 in Fighting
    28 | D        | Noticed a scorpion
    28 | D        | Noticed a hound
    28 | D        | Noticed a worker ant
    38 | D        | Killed a worker ant
    38 | D        | Reached skill level 5 in Fighting
    38 | D        | Reached skill level 5 in Long Blades
    38 | D        | Reached XP level 2. HP: 26/29 MP: 2/2
    38 | D        | Reached XP level 3. HP: 32/36 MP: 3/3
    46 | D        | Killed a hound
    46 | D        | Reached skill level 6 in Fighting
    46 | D        | Reached XP level 4. HP: 36/44 MP: 4/4
    50 | D        | Killed a scorpion
    50 | D        | Reached skill level 7 in Fighting
    50 | D        | Reached skill level 8 in Long Blades
   117 | D        | Found a glowing silver altar of Zin.
   117 | D        | Found a glowing golden altar of the Shining One.
   117 | D        | Found an ancient bone altar of Kikubaaqudgha.
   117 | D        | Found a basalt altar of Yredelemnul.
   117 | D        | Found a shimmering altar of Xom.
   117 | D        | Found a radiant altar of Vehumet.
   117 | D        | Found an iron altar of Okawaru.
   118 | D        | Found a burning altar of Makhleb.
   119 | D        | Found a deep blue altar of Sif Muna.
   120 | D        | Found a bloodstained altar of Trog.
   121 | D        | Found a sparkling altar of Nemelex Xobeh.
   122 | D        | Found a white marble altar of Elyvilon.
   123 | D        | Found a roughly hewn altar of Beogh.
   124 | D        | Found a viscous altar of Jiyva.
   125 | D        | Found a corrupted altar of Lugonu.
   126 | D        | Found a blossoming altar of Fedhas.
   127 | D        | Found a snail-covered altar of Cheibriados.
   128 | D        | Found a shadowy altar of Dithmenos.
   131 | D        | Became a worshipper of Makhleb the Destroyer
   134 | D        | Found a stormy altar of Qazlal.
   135 | D        | Found an opulent altar of Gozag.
   136 | D        | Found a sacrificial altar of Ru.
   169 | D        | Got the +2 scimitar of the Sun {freeze, +Fly rElec rC+ MR- Int+3}
   201 | D        | Noticed a quasit
   201 | D        | Noticed a crimson imp
   201 | D        | Noticed a jelly
   201 | D        | Noticed a crimson imp
   201 | D        | Noticed a gargoyle
   210 | D        | Killed from afar by a gargoyle

Action                   |  1- 3 |  4- 6 || total
-------------------------+-------+-------++-------
Melee: Long sword        |    33 |     9 ||    42
       Scimitar          |       |     9 ||     9
  Use: Potion            |     2 |       ||     2
